 Dungeon Crawl Stone Soup version 0.31-a0-75-g6fe912e8c5 (webtiles) character file.

Game seed: 1385043554731169656

890 Esekla the Covert (level 8, 0/54 HPs)
             Began as an Octopode Delver on May 23, 2023.
             Was an Initiate of Gozag.
             Slain by Blork the orc
             ... wielding a +1 hand axe of electrocution
              (11 damage)
             ... on level 6 of the Dungeon.
             The game lasted 00:27:24 (5536 turns).

Esekla the Covert (Octopode Delver)                 Turns: 5536, Time: 00:27:25

Health: 0/54       AC:  1    Str: 11    XL:     8   Next: 6%
Magic:  12/12      EV: 15    Int: 15    God:    Gozag
Gold:   838        SH:  0    Dex: 19    Spells: 13/13 levels left

rFire   . . .        s - +0 dagger (vamp)
rCold   . . .        (no shield)
rNeg    . . .        (helmet restricted)
rPois   .            (no amulet)
rElec   .            j - +6 ring of dexterity
rCorr   .            (no ring)
SInv    .            (no ring)
Will    .....        (no ring)
Stlth   +++++        (no ring)
HPRegen 0.29/turn    (no ring)
MPRegen 0.13/turn    (no ring)
                     (no ring)

%: no passive effects
@: no status effects
A: almost no armour, amphibious, 8 rings, camouflage 1, gelatinous body 1,
(nimble swimmer 1), tentacles
a: Renounce Religion, Potion Petition, Call Merchant, Bribe Branch


You were on level 6 of the Dungeon.
You worshipped Gozag.
Gozag was pleased with you.
You visited 2 branches of the dungeon, and saw 7 of its levels.

You collected 908 gold pieces.
You spent 60 gold pieces at shops.
You paid 10 gold pieces to Gozag.

Inventory:

Hand Weapons
 a - a +0 falchion
 s - a +0 vampiric dagger (weapon)
Missiles
 h - 4 boomerangs
 r - 3 poisoned darts (quivered)
 v - a throwing net
Jewellery
 j - a +6 ring of dexterity (left tentacle)
Wands
 f - a wand of digging (2)
Scrolls
 b - 2 scrolls of fog
 c - 4 scrolls of enchant armour {unknown}
 d - a scroll of enchant weapon {unknown}
 g - 2 scrolls of vulnerability {unknown}
 i - a scroll of acquirement {unknown}
 k - a scroll of butterflies {unknown}
 m - a scroll of amnesia {unknown}
 o - a scroll of teleportation {unknown}
 u - 2 scrolls of fear
Potions
 e - a potion of haste
 l - 2 potions of curing
 n - 2 potions of enlightenment {unknown}
 p - 2 potions of magic {unknown}
 q - a potion of might
 t - a potion of ambrosia {unknown}
 w - a potion of heal wounds {unknown}
 x - a potion of berserk rage {unknown}


   Skills:
 * Level 4.4 Fighting
 + Level 1.4(3.2) Short Blades
 * Level 4.5(4.7) Long Blades
 + Level 0.2 Throwing
 * Level 4.1 Dodging
 + Level 9.0 Stealth
 * Level 3.0 Spellcasting
 + Level 0.1 Evocations


You had 13 spell levels left.
You didn't know any spells.
Your spell library contained the following spells:

 Spells                   Type           Power      Damage    Failure   Level
 Beastly Appendage        Tmut           4%         N/A       21%         1
 Wereblood                Tmut           2%         N/A       30%         2
 Dazzling Flash           Conj/Hex       2%         N/A       56%         3
 Spider Form              Tmut/Pois      1%         N/A       56%         3
 Volatile Blastmotes      Fire/Tloc      2%         2d10      56%         3
 Iskenderun's Mystic Bla  Conj/Tloc      1%         2d3       93%         4
 Starburst                Conj/Fire      0%         6d3       100%        6


Dungeon Overview and Level Annotations

Branches:
Dungeon (6/15)             Temple (1/1) D:5

Altars:
Ashenzari
Cheibriados
Elyvilon
Fedhas
Gozag
Hepliaklqana
Kikubaaqudgha
Makhleb
Nemelex Xobeh
Okawaru
Qazlal
Ru
Sif Muna
Trog
Uskayaw
Vehumet
Wu Jian
Xom
The Shining One

Shops:
D:2 =(!

Annotations:
D:6 Blork the orc


Innate Abilities, Weirdness & Mutations

You cannot wear most types of armour.
You are amphibious.
You can wear up to eight rings at the same time.
Your skin changes colour to match your surroundings (Stealth+).
Your rubbery body absorbs attacks. (AC +1, EV +1)
((You are camouflaged when in or above water. (Stealth+)))
You have tentacles for arms and can constrict up to eight enemies at once.


Message History

The orc wizard hits you with a +0 dagger.
You hit the orc wizard.
The orc wizard is severely wounded.
You constrict the orc wizard.
The orc wizard points at you and mumbles some strange words.
You resist with some effort.
You hit the orc wizard.
You feel better.
The orc wizard is almost dead.
You constrict the orc wizard.
You kill the orc wizard!
You start resting.
Blork the orc is nearby!
You hit Blork the orc. Your grab misses Blork the orc.
You squeeze Blork the orc!
Blork the orc is moderately wounded.
Blork the orc misses you.
You hit Blork the orc. You grab Blork the orc.
Blork the orc is heavily wounded.
You constrict Blork the orc.
Blork the orc hits you with a +1 hand axe of electrocution.
You are electrocuted!
Blork the orc casts a spell at you. The puff of flame misses you.
You hit Blork the orc but do no damage.
Blork the orc is heavily wounded.
You constrict Blork the orc.
Blork the orc hits you with a +1 hand axe of electrocution.
* * * LOW HITPOINT WARNING * * *
You hit Blork the orc.
You feel better.
You squeeze Blork the orc!
Blork the orc is almost dead.
You constrict Blork the orc, but do no damage.
Blork the orc drinks a potion.
Blork the orc is healed!
You barely miss Blork the orc.
Blork the orc is severely wounded.
You constrict Blork the orc. Blork the orc misses you.
Blork the orc hits you with a +1 hand axe of electrocution!
* * * LOW HITPOINT WARNING * * *
You are electrocuted!
You die...
Your body crumbles into a pile of gold.

#........# #.[......#
#####.#####.######.#
#.....# #.........
#..[..### ######.#..
#.......# #......#
#####.......###......#
#........_...$o......#
#...###......@#......###o
#...# #.......#..........
#...# ###.....#...o...##
# ##### #.....#.....#.#.!
. ###.#####....o..... # #
#...##.#........... ..#
#.####.#........#.# #.#
#.####.#######..#.# #.#
#.................####.#


You could see Blork the orc (fast).

Vanquished Creatures
  A black bear (D:5)
  An ogre (D:6)
  A phantom (D:4)
  3 scorpions (D:5)
  An orc priest (D:3)
  A gnoll bouda (D:5)
  2 sleepcaps
  Jessica (D:2)
  3 iguanas
  2 orc wizards
  4 gnolls (D:5)
  5 adders
  A shadow imp (D:5)
  An ufetubus (D:5)
  2 dart slugs (D:1)
  12 orcs
  11 ball pythons
  6 bats
  9 endoplasms
  5 giant cockroaches
  5 goblins
  5 hobgoblins
  10 jackals
  10 kobolds
  A quokka (D:1)
  7 frilled lizards
  6 rats
116 creatures vanquished.

Notes
Turn   | Place    | Note
-------+----------+-------------------------------------------
     0 | D:5      | Esekla the Octopode Delver began the quest for the Orb.
     0 | D:5      | Reached XP level 1. HP: 16/16 MP: 1/1
    19 | D:5      | Found a staircase to the Ecumenical Temple.
    23 | D:5      | Noticed an iguana
    28 | Temple   | Entered the Ecumenical Temple
   109 | D:5      | Noticed a gnoll bouda
   133 | D:5      | Noticed an orc wizard
   220 | Temple   | Became a worshipper of Gozag Ym Sagoz the Greedy
   394 | D:2      | Found Iculaor's Jewellery Shoppe.
   484 | D:2      | Found Woegoevu's Distillery.
   486 | D:2      | Found Imomu's Weapon Shop.
   515 | D:2      | Bought a potion of degeneration for 12 gold pieces
   547 | D:2      | Reached XP level 2. HP: 21/21 MP: 2/2
   576 | D:2      | Reached skill level 1 in Spellcasting
   640 | D:2      | Found a faded altar of an unknown god.
   768 | D:1      | Reached skill level 7 in Stealth
   778 | D:1      | Reached XP level 3. HP: 26/26 MP: 4/4
  1143 | D:1      | Reached XP level 4. HP: 26/31 MP: 5/5
  1826 | D:2      | Noticed Jessica
  1832 | D:2      | Killed Jessica
  2187 | D:3      | Reached XP level 5. HP: 36/36 MP: 7/7
  3010 | D:4      | Found a sacrificial altar of Ru.
  3116 | D:4      | Noticed a phantom
  3121 | D:4      | Killed a phantom
  3122 | D:4      | Reached skill level 8 in Stealth
  3122 | D:4      | Reached XP level 6. HP: 43/43 MP: 7/9
  3287 | D:2      | Bought a potion of might for 48 gold pieces
  3597 | D:5      | Reached skill level 1 in Short Blades
  3677 | D:5      | Reached XP level 7. HP: 48/48 MP: 10/10
  4825 | D:5      | Found a blossoming altar of Fedhas.
  4825 | D:5      | Found an ancient bone altar of Kikubaaqudgha.
  4826 | D:5      | Found a sparkling altar of Nemelex Xobeh.
  5399 | D:6      | Reached skill level 9 in Stealth
  5399 | D:6      | Reached XP level 8. HP: 54/54 MP: 12/12
  5452 | D:6      | Found a glowing golden altar of the Shining One.
  5499 | D:6      | Noticed Blork the orc
  5536 | D:6      | Slain by Blork the orc

Illustrated notes

Levels and vault maps discovered:
D:1:      grunt_arrival_crossed_arrows, layout_basic
D:2:      layout_loops_ring, ebering_ecumenical_altar_box, serial_shops,
          nicolae_shop_hallway_plus, nicolae_shop_tiny_glass, shop, uniq_jessica
D:3:      layout_rooms
D:4:      layout_loops_cross, mainiacjoe_overflow_alcove_2, feat_on_display
D:5:      layout_cave_pods, gammafunk_temple_overflow_claw,
          minmay_temple_entry_crystal_x
D:6:      layout_basic, nicolae_overflow_crystal_walls,
          chequers_serial_rivers_small_3, uniq_blork_the_orc
Temple:   nicolae_temple_bog_church

Skill      XL: |  1  2  3  4  5  6  7  8 |
---------------+-------------------------+-----
Spellcasting   | 1 2 3 |  3.0
Stealth        | 7 8 9 |  9.0
Long Blades    | 3 4 |  4.5
Fighting       | 4 |  4.4
Short Blades   | 1 |  1.4
Dodging        | 3 4 |  4.1
Throwing       | |  0.2
Evocations     | |  0.1

Action                     |  1- 3 |  4- 6 |  7- 9 || total
---------------------------+-------+-------+-------++-------
  Melee: Falchion          |    63 |    79 |     4 ||   146
         Dagger            |    10 |    37 |    72 ||   119
         Constrict         |    15 |    30 |    17 ||    62
         Tentacles         |    11 |    18 |    21 ||    50
         Punch             |     3 |     2 |     2 ||     7
  Throw: Boomerang         |       |     1 |       ||     1
         Dart              |       |     1 |     3 ||     4
  Evoke: Wand              |     1 |       |       ||     1
    Use: Scroll            |     2 |       |       ||     2
   Stab: Sleeping          |     8 |    15 |     4 ||    27
         Distracted        |       |     2 |     1 ||     3
 Armour: Skin              |     8 |     6 |     4 ||    18
  Dodge: Dodged            |    49 |    72 |    34 ||   155

Table legend: (Time is in decaauts)
 A = Elapsed time spent in this place.
 B = Non-inter-level travel time spent in this place.
 C = Inter-level travel time spent in this place.
 D = Time resting spent in this place.
 E = Time spent auto-exploring this place.
 F = Levels seen in this place.
 G = Mean time per level.
                   A        B        C        D        E       F      G
               +--------+--------+--------+--------+--------+-----+--------+
         Total |   5523 |   5227 |    296 |   1187 |   1458 |   7 |  789.0 |
       Dungeon |   5432 |   5198 |    234 |   1187 |   1448 |   6 |  905.3 |
        Temple |     91 |     29 |     62 |      0 |     10 |   1 |   91.0 |
               +--------+--------+--------+--------+--------+-----+--------+

Top non-repeatable levels by time:
     D:5: 1832 daAuts
     D:2: 967 daAuts
     D:4: 844 daAuts
     D:1: 686 daAuts
     D:3: 600 daAuts
     D:6: 501 daAuts
  Temple: 91 daAuts
